 Dungeon Crawl Stone Soup version 0.21.1-72-gffa868e (webtiles) character file.

931 taaruk the Cudgeler (level 7, -10/62 HPs)
             Began as a Minotaur Berserker on Aug 5, 2018.
             Was a Priest of Trog.
             Mangled by Prince Ribbit (17 damage)
             ... on level 6 of the Dungeon.
             The game lasted 00:22:54 (4129 turns).

taaruk the Cudgeler (Minotaur Berserker)            Turns: 4129, Time: 00:22:56

Health: -10/62     AC:  6    Str: 29    XL:     7   Next: 86%
Magic:  6/6        EV: 12    Int:  4    God:    Trog [***...]
Gold:   393        SH:  0    Dex:  9    Spells: 6/6 levels left

rFire    + . .     SeeInvis .   r - +2 mace (holy)
rCold    x . .     Gourm    .   (no shield)
rNeg     . . .     Faith    .   f - +0 ring mail
rPois    .         Spirit   .   (helmet restricted)
rElec    .         Reflect  .   (no cloak)
rCorr    .         Harm     .   (no gloves)
MR       ++...                  (no boots)
Stlth    +.........             (no amulet)
HPRegen  1.20/turn              v - ring of fire
MPRegen  0.10/turn              (no ring)

@: mighty, berserk cooldown, regenerating, slowed, very slow
A: retaliatory headbutt, horns 2
a: Berserk, Trog's Hand, Burn Spellbooks, Renounce Religion


You were on level 6 of the Dungeon.
You worshipped Trog.
Trog was most pleased with you.
You were not hungry.

You visited 2 branches of the dungeon, and saw 7 of its levels.

You collected 393 gold pieces.

Inventory:

Hand Weapons
 a - a +0 hand axe
 r - a +2 mace of holy wrath (weapon)
 J - a +0 war axe
Missiles
 m - 16 poisoned needles
 I - 3 needles of sleeping
Armour
 f - a +0 ring mail (worn)
 C - a +2 leather armour of poison resistance
 F - a cursed +0 plate armour
Jewellery
 p - an uncursed amulet of faith
 v - a ring of fire (left hand)
 D - an uncursed ring of fire
Wands
 x - a wand of flame (34)
 B - a wand of iceblast (6)
Scrolls
 b - a scroll of enchant armour {unknown}
 e - 2 scrolls of remove curse
 h - 4 scrolls of identify
 i - a scroll of amnesia {unknown}
 o - a scroll of teleportation {unknown}
 y - a scroll of fear {unknown}
 z - 2 scrolls of blinking {unknown}
 A - a scroll of enchant weapon {unknown}
 E - a scroll of magic mapping {unknown}
 G - a scroll of vulnerability {unknown}
Potions
 d - a potion of invisibility {unknown}
 g - 3 potions of might
 j - a potion of degeneration {unknown}
 k - a potion of magic {unknown}
 l - a potion of flight {unknown}
 n - 3 potions of heal wounds {unknown}
 q - 2 potions of cancellation {unknown}
 s - 2 potions of haste {unknown}
 t - a potion of curing {unknown}
 u - 3 potions of agility {unknown}
 w - 2 potions of lignification {unknown}
Comestibles
 c - 13 rations
 H - 7 chunks of flesh


   Skills:
 + Level 5.6 Fighting
 + Level 4.3(6.1) Axes
 + Level 6.6(7.3) Maces & Flails
 + Level 5.7 Armour
 + Level 3.7 Dodging
 + Level 1.1 Stealth


You had 6 spell levels left.
You didn't know any spells.

Dungeon Overview and Level Annotations

Branches:
Dungeon (6/15)             Temple (1/1) D:4

Altars:
Ashenzari
Cheibriados
Dithmenos
Fedhas
Hepliaklqana
Makhleb
Nemelex Xobeh
Okawaru
Qazlal
Sif Muna
Trog
Uskayaw
Vehumet
Yredelemnul
Zin
The Shining One

Annotations:
D:6 Menkaure, Prince Ribbit


Innate Abilities, Weirdness & Mutations

You reflexively headbutt those who attack you in melee.
You have a pair of horns on your head.


Message History

Menkaure calls on the powers of darkness!
The leopard gecko convulses!
Your body is wracked with pain!
You hit the leopard gecko.
You kill the leopard gecko!
Trog accepts your kill.
Menkaure murmurs a few words.
Menkaure hits you!
* * * LOW HITPOINT WARNING * * *
You see here a leopard gecko corpse.
It was a potion of might.
You feel very mighty all of a sudden. Menkaure hits you but does no damage.
Menkaure completely misses you.
You thump Menkaure!
Menkaure convulses!
Menkaure is almost destroyed.
You feel the effects of Trog's Hand fading.
Prince Ribbit hits you but does no damage.
Menkaure hits you!
* * * LOW HITPOINT WARNING * * *
Prince Ribbit hits you!
You die...

....<#....#.# .####
###..#....#.# .....#
#..#....#.# .....#
#..#....#.# .....#
##.####.#.# ##+#....#### #..#
#.#.######.[.........
####))###....................
.................F...........
........#.......@M...........
........#...######)..........
........###.# #...#.......
........# #.# .....#.......
............. .......#...$...
.....................#.......
.....................#.......
............ ........#......<
......#.##


You could see Prince Ribbit and Menkaure.

Vanquished Creatures
  The ghost of taaruk the Skirmisher, an amateur MiBe of Trog (D:4)
  Eustachio (D:6)
  2 phantoms (D:5)
  A centaur (D:5)
  A hound (D:4)
  A bullfrog skeleton (D:4)
  Ijyb (D:5)
  2 iguanas
  A worker ant (D:5)
  A howler monkey skeleton (D:5)
  5 adders
  An ooze (D:5)
  6 worms
  2 dart slugs
  4 leopard geckos
  8 orcs
  5 bats
  5 giant cockroaches
  5 goblins
  9 hobgoblins
  2 jackals (D:4)
  3 kobolds
  2 quokkas (D:2)
  6 frilled lizards
  6 rats
81 creatures vanquished.

Notes
Turn   | Place    | Note
-------+----------+-------------------------------------------
     0 | D:1      | taaruk the Minotaur Berserker began the quest for the Orb.
     0 | D:1      | Reached XP level 1. HP: 19/19 MP: 0/0
   330 | D:1      | Reached XP level 2. HP: 26/27 MP: 1/1
  1040 | D:2      | Reached XP level 3. HP: 28/33 MP: 2/2
  1069 | D:2      | Found a stormy altar of Qazlal.
  1343 | D:2      | Reached ** piety under Trog
  1544 | D:3      | Reached skill level 1 in Maces & Flails
  1640 | D:3      | Reached XP level 4. HP: 30/41 MP: 3/3
  2176 | D:4      | Found a staircase to the Ecumenical Temple.
  2192 | Temple   | Entered the Ecumenical Temple
  2442 | D:4      | Reached skill level 2 in Maces & Flails
  2502 | D:4      | Reached XP level 5. HP: 33/47 MP: 4/4
  2534 | D:4      | Noticed taaruk's ghost (amateur MiBe)
  2551 | D:4      | Killed taaruk's ghost
  2551 | D:4      | Reached skill level 5 in Fighting
  2551 | D:4      | Reached skill level 4 in Maces & Flails
  2551 | D:4      | Reached XP level 6. HP: 56/56 MP: 5/5
  3182 | D:5      | Entered Level 5 of the Dungeon
  3254 | D:5      | Noticed Ijyb
  3264 | D:5      | Killed Ijyb
  3270 | D:5      | Reached skill level 5 in Maces & Flails
  3270 | D:5      | Reached skill level 5 in Armour
  3270 | D:5      | Reached XP level 7. HP: 48/61 MP: 6/6
  3432 | D:5      | Found a glowing silver altar of Zin.
  3447 | D:5      | Reached *** piety under Trog
  3455 | D:5      | Reached skill level 1 in Stealth
  3809 | D:5      | Reached skill level 6 in Maces & Flails
  4100 | D:6      | Noticed Eustachio
  4107 | D:6      | Killed Eustachio
  4117 | D:6      | Noticed Prince Ribbit
  4117 | D:6      | Noticed Menkaure
  4129 | D:6      | Mangled by Prince Ribbit

Skill      XL: |  1  2  3  4  5  6  7 |
---------------+----------------------+-----
Fighting       | 4 5 |  5.6
Axes           | 4 |  4.3
Maces & Flails | 1 2 4 5 6 |  6.6
Armour         | 3 4 5 |  5.7
Dodging        | 3 |  3.7
Stealth        | 1 |  1.1

Action                   |  1- 3 |  4- 6 |  7- 9 || total
-------------------------+-------+-------+-------++-------
Melee: Hand axe          |    23 |       |       ||    23
       Headbutt          |    14 |    14 |     9 ||    37
       Mace              |    61 |    72 |    43 ||   176
Invok: Trog's Hand       |       |     1 |     1 ||     2
       Berserk           |       |     1 |     1 ||     2
       Burn Spellbooks   |       |     1 |     1 ||     2
  Use: Scroll            |       |     3 |     4 ||     7
       Potion            |       |       |     1 ||     1
  Eat: Chunk             |     2 |     7 |     4 ||    13
Armor: Ring mail         |    26 |    22 |    11 ||    59
Dodge: Dodged            |    48 |    42 |    30 ||   120
